| TOP OF THE 1ST |
|
Milwaukee Brewers batting - Pitching for Washington Nationals : RHP Oleg Bahanov
|
|
Pitching: RHP Oleg Bahanov
|
|
|
Batting: RHB Ryan Neal
|
0-0: Ball 1-0: Ground out 6-3 (Groundball, 6S, EV 83.1 MPH)
|
|
Batting: RHB Daniel Donovan
|
0-0: Called Strike 0-1: Ball 1-1: SOLO HOME RUN (Line Drive, 78XD, EV 113.8 MPH), Distance : 448 ft
|
|
Batting: SHB Lewis Thorpe Jr.
|
0-0: Ball 1-0: Ball 2-0: Foul Ball, location: 2F 2-1: Fly out, F8 (Flyball, 8LXD, EV 96.2 MPH)
|
|
Batting: SHB Junzo Kato
|
0-0: Ball 1-0: SOLO HOME RUN (Flyball, 9D, EV 97.5 MPH), Distance : 363 ft
|
|
Batting: RHB Chris King
|
0-0: Called Strike 0-1: Foul Ball, location: 2F 0-2: Ball 1-2: Ball 2-2: Ball 3-2: Strikes out looking
|
| Top of the 1st over - 2 runs, 2 hits, 0 errors, 0 left on base; Milwaukee 2 - Washington 0 |
| BOTTOM OF THE 1ST |
|
Washington Nationals batting - Pitching for Milwaukee Brewers : LHP Dale Ahernfeld
|
|
Pitching: LHP Dale Ahernfeld
|
|
|
Batting: RHB Hisayuki Akiyama
|
0-0: Foul Ball, location: 2F 0-1: Swinging Strike 0-2: Ball 1-2: Foul Ball, location: 2F 1-2: Foul Ball, location: 2F 1-2: Foul Ball, location: 2F 1-2: Foul Ball, location: 2F 1-2: Foul Ball, location: 2F 1-2: Foul Ball, location: 2F 1-2: Ball 2-2: Foul Ball, location: 2F 2-2: Ball 3-2: Strikes out swinging
|
|
Batting: RHB Dan Fallon
|
0-0: Swinging Strike 0-1: Foul Ball, location: 2F 0-2: Foul Ball, location: 2F 0-2: Ball 1-2: Ball 2-2: Ground out 6-3 (Groundball, 6, EV 101.9 MPH)
|
|
Batting: RHB John Sanders
|
0-0: Foul Ball, location: 2F 0-1: Swinging Strike 0-2: Foul Ball, location: 2F 0-2: Ball 1-2: Foul Ball, location: 2F 1-2: Foul Ball, location: 2F 1-2: Foul Ball, location: 2F 1-2: Ball 2-2: Ball 3-2: Ground out 5-3 (Groundball, 56, EV 86.2 MPH)
|
| Bottom of the 1st over - 0 runs, 0 hits, 0 errors, 0 left on base; Milwaukee 2 - Washington 0 |
| TOP OF THE 2ND |
|
Milwaukee Brewers batting - Pitching for Washington Nationals : RHP Oleg Bahanov
|
|
Batting: RHB Noah Stanley
|
0-0: Ball 1-0: Foul Ball, location: 2F 1-1: Ball 2-1: Ball 3-1: Base on Balls
|
|
Batting: LHB Gabe Harvey
|
0-0: Ball 1-0: Swinging Strike 1-1: Ball 2-1: Called Strike 2-2: Strikes out looking
|
|
Batting: RHB Kisho Ito
|
0-0: Ball 1-0: Called Strike 1-1: Called Strike 1-2: Ball 2-2: Ball 3-2: Fly out, F8 (Flyball, 8LD, EV 92.5 MPH)
|
|
Batting: RHB Ben Campbell
|
0-0: Ball Wild Pitch! Noah Stanley to second 1-0: Ball 2-0: Foul Ball, location: 2F 2-1: Ball 3-1: Foul Ball, location: 2F 3-2: Ground out 6-3 (Groundball, 6, EV 85.6 MPH)
|
| Top of the 2nd over - 0 runs, 0 hits, 0 errors, 1 left on base; Milwaukee 2 - Washington 0 |
| BOTTOM OF THE 2ND |
|
Washington Nationals batting - Pitching for Milwaukee Brewers : LHP Dale Ahernfeld
|
|
Batting: RHB Dave Vargas
|
0-0: Ball 1-0: Swinging Strike 1-1: Ball 2-1: Called Strike 2-2: Foul Ball, location: 2F 2-2: Ground out 6-3 (Groundball, 6, EV 91.2 MPH)
|
|
Batting: RHB Takanibu Kaneshiro
|
0-0: Foul Ball, location: 2F 0-1: Ball 1-1: Ground out 5-3 (Groundball, 56, EV 106.2 MPH)
|
|
Batting: RHB Nate Dickinson
|
0-0: Called Strike 0-1: Ball 1-1: Ball 2-1: SINGLE (Groundball, 6M, EV 98.1 MPH) (infield hit)
|
|
Batting: LHB Jeff Luvisi
|
0-0: Called Strike 0-1: Foul Ball, location: 2F 0-2: Ball 1-2: Ball 2-2: Ball 3-2: Ground out 4-3 (Groundball, 4D, EV 100.0 MPH)
|
| Bottom of the 2nd over - 0 runs, 1 hit, 0 errors, 1 left on base; Milwaukee 2 - Washington 0 |
| TOP OF THE 3RD |
|
Milwaukee Brewers batting - Pitching for Washington Nationals : RHP Oleg Bahanov
|
|
Batting: RHB Ryan Neal
|
0-0: Ball 1-0: Ball 2-0: Called Strike 2-1: Ball 3-1: Foul Ball, location: 2F 3-2: Strikes out swinging
|
|
Batting: RHB Daniel Donovan
|
0-0: SINGLE (Line Drive, 8RS, EV 112.5 MPH)
|
|
Pitching: RHP Jon Glenn
|
|
|
Batting: SHB Lewis Thorpe Jr.
|
0-0: Ball 1-0: Ball 2-0: Ball 3-0: Called Strike 3-1: Swinging Strike 3-2: Fly out, F8 (Flyball, 78M, EV 91.9 MPH)
|
|
Batting: SHB Junzo Kato
|
0-0: SINGLE (Flyball, 6D, EV 93.8 MPH) Daniel Donovan to second Runner from 2nd tries for 3rd, SAFE, throw by CF made to third
|
|
Batting: RHB Chris King
|
0-0: Ground out U3 (Groundball, 34, EV 104.4 MPH)
|
| Top of the 3rd over - 0 runs, 2 hits, 0 errors, 2 left on base; Milwaukee 2 - Washington 0 |
| BOTTOM OF THE 3RD |
|
Washington Nationals batting - Pitching for Milwaukee Brewers : LHP Dale Ahernfeld
|
|
Batting: RHB Dusty Ballard
|
0-0: Called Strike 0-1: Foul Ball, location: 2F 0-2: Ball 1-2: Strikes out swinging
|
|
Batting: LHB Jae-ik Soung
|
0-0: Foul Ball, location: 2F 0-1: Ball 1-1: Foul Ball, location: 2F 1-2: Fly out, F7 (Flyball, 7LS, EV 91.9 MPH)
|
|
Batting: RHB Hisayuki Akiyama
|
0-0: Called Strike 0-1: Foul Ball, location: 2F 0-2: Ball 1-2: DOUBLE (Flyball, 8RXD, EV 98.1 MPH)
|
|
Pitching: LHP Chad Persaud
|
|
|
Batting: RHB Dan Fallon
|
0-0: Called Strike 0-1: Ball 1-1: Ground out 5-3 (Groundball, 56, EV 101.9 MPH)
|
| Bottom of the 3rd over - 0 runs, 1 hit, 0 errors, 1 left on base; Milwaukee 2 - Washington 0 |
| TOP OF THE 4TH |
|
Milwaukee Brewers batting - Pitching for Washington Nationals : RHP Jon Glenn
|
|
Pitching: RHP David Sly
|
|
|
Batting: RHB Noah Stanley
|
0-0: Called Strike 0-1: Swinging Strike 0-2: Ball 1-2: Ball 2-2: Ground out 4-3 (Groundball, 4, EV 88.8 MPH)
|
|
Batting: LHB Gabe Harvey
|
0-0: Called Strike 0-1: Ball 1-1: Ball 2-1: Fly out, F7 (Flyball, 7D, EV 86.9 MPH)
|
|
Batting: RHB Kisho Ito
|
0-0: Ball 1-0: Foul Ball, location: 2F 1-1: Called Strike 1-2: Ball 2-2: Fly out, F9 (Flyball, 89S, EV 88.1 MPH)
|
| Top of the 4th over - 0 runs, 0 hits, 0 errors, 0 left on base; Milwaukee 2 - Washington 0 |
| BOTTOM OF THE 4TH |
|
Washington Nationals batting - Pitching for Milwaukee Brewers : LHP Chad Persaud
|
|
Batting: RHB John Sanders
|
0-0: Ball 1-0: SINGLE (Groundball, 4MD, EV 109.4 MPH)
|
|
Batting: RHB Dave Vargas
|
0-0: Swinging Strike 0-1: Ball 1-1: Fly out, F7 (Flyball, 7S, EV 77.5 MPH)
|
|
Batting: RHB Takanibu Kaneshiro
|
0-0: 2-RUN HOME RUN (Flyball, 7LD, EV 100.0 MPH), Distance : 372 ft
|
|
Batting: RHB Nate Dickinson
|
0-0: Ball 1-0: Swinging Strike 1-1: Ball 2-1: Called Strike 2-2: Strikes out swinging
|
|
Batting: LHB Jeff Luvisi
|
0-0: Ball 1-0: Ball 2-0: Ball 3-0: Base on Balls
|
|
Batting: RHB Dusty Ballard
|
0-0: Ball 1-0: Foul Ball, location: 2F 1-1: Called Strike Jeff Luvisi steals 2nd base 1-2: Foul Ball, location: 2F 1-2: Fly out, F7 (Flyball, 7, EV 87.5 MPH)
|
| Bottom of the 4th over - 2 runs, 2 hits, 0 errors, 1 left on base; Milwaukee 2 - Washington 2 |
| TOP OF THE 5TH |
|
Milwaukee Brewers batting - Pitching for Washington Nationals : RHP David Sly
|
|
Pitching: RHP Gareth Cutts
|
|
|
Batting: RHB Ben Campbell
|
0-0: Called Strike 0-1: Foul Ball, location: 2F 0-2: Ball 1-2: Foul Ball, location: 2F 1-2: Ball 2-2: Foul Ball, location: 2F 2-2: Foul Ball, location: 2F 2-2: Ground out 4-3 (Groundball, 4, EV 102.5 MPH)
|
|
Batting: RHB Ryan Neal
|
0-0: Ground out 1-3 (Groundball, 34S, EV 75.6 MPH)
|
|
Pinch Hitting: SHB Pat Wilson
|
0-0: Ball 1-0: Called Strike 1-1: Foul Ball, location: 2F 1-2: Foul Ball, location: 2F 1-2: Foul Ball, location: 2F 1-2: SINGLE (Line Drive, 8RS, EV 110.6 MPH)
|
|
Pinch Hitting: SHB Mike Williams
|
0-0: Called Strike 0-1: Fly out, F8 (Flyball, 8RD, EV 95.0 MPH)
|
| Top of the 5th over - 0 runs, 1 hit, 0 errors, 1 left on base; Milwaukee 2 - Washington 2 |
| BOTTOM OF THE 5TH |
|
Washington Nationals batting - Pitching for Milwaukee Brewers : LHP Chad Persaud
|
|
Now at 1B: Joe LaDue
|
|
|
Now at 2B: Sadataka Kuwahara
|
|
|
Now in LF: Pat Wilson
|
|
|
Now in CF: Mike Williams
|
|
|
Batting: LHB Jae-ik Soung
|
0-0: Ball 1-0: Called Strike 1-1: Ground out 5-3 (Groundball, 56, EV 85.6 MPH)
|
|
Batting: RHB Hisayuki Akiyama
|
0-0: Called Strike 0-1: Foul Ball, location: 2F 0-2: Strikes out swinging
|
|
Batting: RHB Antonio Laurel
|
0-0: Ball 1-0: Foul Ball, location: 2F 1-1: Foul Ball, location: 2F 1-2: Foul Ball, location: 2F 1-2: Foul Ball, location: 2F 1-2: Ball 2-2: Foul Ball, location: 2F 2-2: Strikes out swinging
|
| Bottom of the 5th over - 0 runs, 0 hits, 0 errors, 0 left on base; Milwaukee 2 - Washington 2 |
| TOP OF THE 6TH |
|
Milwaukee Brewers batting - Pitching for Washington Nationals : RHP Gareth Cutts
|
|
Batting: RHB Sadataka Kuwahara
|
0-0: Swinging Strike 0-1: Called Strike 0-2: Ball 1-2: Ball 2-2: Strikes out swinging
|
|
Batting: RHB Dave Gonzalez
|
0-0: Ball 1-0: Foul Ball, location: 2F 1-1: Swinging Strike 1-2: Strikes out looking
|
|
Batting: RHB Joe LaDue
|
0-0: Fly out, F9 (Flyball, 89M, EV 87.5 MPH)
|
| Top of the 6th over - 0 runs, 0 hits, 0 errors, 0 left on base; Milwaukee 2 - Washington 2 |
| BOTTOM OF THE 6TH |
|
Washington Nationals batting - Pitching for Milwaukee Brewers : LHP Chad Persaud
|
|
Pitching: RHP Jeff Swomley
|
|
|
Now at 1B: Mike Ball
|
|
|
Now at SS: Joe LaDue
|
|
|
Pinch Hitting: RHB Darren McCarty Jr.
|
0-0: Fly out, F9 (Line Drive, 89M, EV 110.6 MPH)
|
|
Pinch Hitting: LHB Bob Melley
|
0-0: Foul Ball, location: 2F 0-1: Swinging Strike 0-2: Strikes out swinging
|
|
Batting: RHB Takanibu Kaneshiro
|
0-0: Ball 1-0: Foul Ball, location: 2F 1-1: Ball 2-1: Ground out 1-3 (Groundball, 13S, EV 70.0 MPH)
|
| Bottom of the 6th over - 0 runs, 0 hits, 0 errors, 0 left on base; Milwaukee 2 - Washington 2 |
| TOP OF THE 7TH |
|
Milwaukee Brewers batting - Pitching for Washington Nationals : RHP Gareth Cutts
|
|
Pitching: RHP Jordan Amaker
|
|
|
Now at C: Evan Oliveri
|
|
|
Now at 2B: Darren McCarty Jr.
|
|
|
Now in LF: Jeff Luvisi
|
|
|
Now in CF: Bob Melley
|
|
|
Now in RF: Alexis Cantu
|
|
|
Batting: LHB Gabe Harvey
|
0-0: Foul Ball, location: 2F 0-1: Called Strike 0-2: SOLO HOME RUN (Flyball, 89XD, EV 102.5 MPH), Distance : 411 ft
|
|
Batting: RHB Mike Ball
|
0-0: Ball 1-0: Called Strike 1-1: Ball 2-1: Foul Ball, location: 2F 2-2: Strikes out looking
|
|
Batting: RHB Ben Campbell
|
0-0: DOUBLE (Line Drive, 89D, EV 111.2 MPH)
|
|
Pinch Hitting: RHB Adrian Rudkilde
|
0-0: Ball 1-0: Swinging Strike 1-1: Ground out 6-3 (Groundball, 6, EV 91.9 MPH)
|
|
Batting: SHB Pat Wilson
|
0-0: Called Strike 0-1: Ball 1-1: Called Strike 1-2: Strikes out swinging
|
| Top of the 7th over - 1 run, 2 hits, 0 errors, 1 left on base; Milwaukee 3 - Washington 2 |
| BOTTOM OF THE 7TH |
|
Washington Nationals batting - Pitching for Milwaukee Brewers : RHP Jeff Swomley
|
|
Now at 3B: Adrian Rudkilde
|
|
|
Batting: LHB Alexis Cantu
|
0-0: Swinging Strike 0-1: Foul Ball, location: 2F 0-2: Ball 1-2: Strikes out swinging
|
|
Pinch Hitting: LHB Dillon Gonzalez
|
0-0: SINGLE (Flyball, 8RS, EV 99.4 MPH)
|
|
Pinch Hitting: LHB Seth Cook
|
0-0: Ball 1-0: SINGLE (Groundball, 4MD, EV 100.6 MPH) (infield hit) Dillon Gonzalez to second
|
|
Batting: LHB Jae-ik Soung
|
0-0: Fielders Choice at 2nd, 5-4 (Groundball, 56, EV 103.8 MPH) Dillon Gonzalez to third
|
|
Now at 1B: Akitada Nishizawa
|
|
|
Now at 2B: Joe LaDue
|
|
|
Now at 3B: Mike Ball
|
|
|
Now at SS: Adrian Rudkilde
|
|
|
Batting: RHB Hisayuki Akiyama
|
0-0: Foul Ball, location: 2F 0-1: Ball 1-1: Swinging Strike 1-2: Foul Ball, location: 2F 1-2: Ball 2-2: Ground out 5-3 (Groundball, 56S, EV 84.4 MPH)
|
| Bottom of the 7th over - 0 runs, 2 hits, 0 errors, 2 left on base; Milwaukee 3 - Washington 2 |
| TOP OF THE 8TH |
|
Milwaukee Brewers batting - Pitching for Washington Nationals : RHP Jordan Amaker
|
|
Now at 2B: Seth Cook
|
|
|
Now at 3B: Darren McCarty Jr.
|
|
|
Now in LF: Dillon Gonzalez
|
|
|
Batting: SHB Mike Williams
|
0-0: Swinging Strike 0-1: Foul Ball, location: 2F 0-2: Foul Ball, location: 2F 0-2: Ball 1-2: SINGLE (Flyball, 56D, EV 86.2 MPH)
|
|
Batting: RHB Akitada Nishizawa
|
0-0: Foul Ball, location: 2F 0-1: Called Strike 0-2: Ball 1-2: Ball 2-2: Ball 3-2: Grounds into double play, 5-4-3 (Groundball, 56, EV 106.9 MPH)
|
|
Batting: RHB Dave Gonzalez
|
0-0: Swinging Strike 0-1: Swinging Strike 0-2: Ball 1-2: Strikes out looking
|
| Top of the 8th over - 0 runs, 1 hit, 0 errors, 0 left on base; Milwaukee 3 - Washington 2 |
| BOTTOM OF THE 8TH |
|
Washington Nationals batting - Pitching for Milwaukee Brewers : RHP Jeff Swomley
|
|
Pitching: RHP Chris Geraci
|
|
|
Batting: RHB Antonio Laurel
|
0-0: Swinging Strike 0-1: Foul Ball, location: 2F 0-2: Ball 1-2: Fly out, F9 (Flyball, 9LM, EV 96.2 MPH)
|
|
Batting: RHB Darren McCarty Jr.
|
0-0: Foul Ball, location: 2F 0-1: Foul Ball, location: 2F 0-2: Ball 1-2: Foul Ball, location: 2F 1-2: Ball 2-2: Reached on error, E6 (Groundball, 6, EV 106.2 MPH)
|
|
Batting: LHB Bob Melley
|
0-0: Ball 1-0: Ball 2-0: Ball 3-0: Base on Balls Darren McCarty Jr. to second
|
|
Batting: LHB Evan Oliveri
|
0-0: Foul Ball, location: 2F 0-1: Foul Ball, location: 2F 0-2: Foul Ball, location: 2F 0-2: Foul Ball, location: 2F 0-2: Ball 1-2: Strikes out swinging
|
|
Batting: LHB Alexis Cantu
|
0-0: Ball 1-0: Ball 2-0: Called Strike 2-1: Swinging Strike 2-2: Foul Ball, location: 2F 2-2: Strikes out swinging
|
| Bottom of the 8th over - 0 runs, 0 hits, 1 error, 2 left on base; Milwaukee 3 - Washington 2 |
| TOP OF THE 9TH |
|
Milwaukee Brewers batting - Pitching for Washington Nationals : RHP Jordan Amaker
|
|
Pitching: LHP Kerry Baty
|
|
|
Batting: RHB Joe LaDue
|
0-0: Ball 1-0: Ball 2-0: Called Strike 2-1: Foul Ball, location: 2F 2-2: Ball 3-2: Foul Ball, location: 2F 3-2: Strikes out swinging
|
|
Batting: LHB Gabe Harvey
|
0-0: Called Strike 0-1: Ball 1-1: Ball 2-1: Fly out, F6 (Line Drive, 6D, EV 65.0 MPH)
|
|
Batting: RHB Mike Ball
|
0-0: Ball 1-0: Ground out 6-3 (Groundball, 6, EV 81.9 MPH)
|
| Top of the 9th over - 0 runs, 0 hits, 0 errors, 0 left on base; Milwaukee 3 - Washington 2 |
| BOTTOM OF THE 9TH |
|
Washington Nationals batting - Pitching for Milwaukee Brewers : RHP Chris Geraci
|
|
Pitching: RHP Javy Uribe
|
|
|
Batting: LHB Dillon Gonzalez
|
0-0: Ball 1-0: Foul Ball, location: 2F 1-1: Called Strike 1-2: Foul Ball, location: 2F 1-2: Ball 2-2: Strikes out swinging
|
|
Batting: LHB Seth Cook
|
0-0: Ball 1-0: Foul Ball, location: 2F 1-1: Ball 2-1: Fly out, F4 (Line Drive, 4, EV 65.0 MPH)
|
|
Batting: LHB Jae-ik Soung
|
0-0: Swinging Strike 0-1: Ball 1-1: Foul Ball, location: 2F 1-2: Foul Ball, location: 2F 1-2: Ball 2-2: Ground out 1-3 (Groundball, 13S, EV 66.9 MPH)
|
| Bottom of the 9th over - 0 runs, 0 hits, 0 errors, 0 left on base; Milwaukee 3 - Washington 2 |
|